 Dungeon Crawl Stone Soup version 0.25.1-2-g60ff931df9 (webtiles) character file.

Game seed: 4583755909056472680

518 Martska the Poker (level 7, -1/67 HPs)
             Began as a Naga Warper on Oct 11, 2020.
             Slain by a sky beast (6 damage)
             ... on level 6 of the Dungeon.
             The game lasted 00:13:45 (7001 turns).

Martska the Poker (Naga Warper)                     Turns: 7001, Time: 00:13:46

Health: -1/67      AC:  8    Str: 11    XL:     7   Next: 21%
Magic:  10/10      EV:  3    Int: 13    God:
Gold:   303        SH:  0    Dex: 11    Spells: 8/10 levels left

rFire    . . .     SeeInvis +   a - +0 spear
rCold    + . .     Gourm    .   (no shield)
rNeg     . . .     Faith    .   m - +1 chain mail "Vikinn" {Harm rC+ Str-4}
rPois    +         Spirit   .   (no helmet)
rElec    .         Reflect  .   (no cloak)
rCorr    .         Harm     +   n - +0 pair of gloves
MR       .....                  (no barding)
Stlth    ..........             (no amulet)
HPRegen  0.21/turn              (no ring)
MPRegen  0.12/turn              (no ring)

@: very slow
A: large, see invisible, deformed body, poison resistance, slowness 2, slow
metabolism 1, spit poison 1, AC +2
a: Spit Poison


You were on level 6 of the Dungeon.
You were not hungry.

You visited 1 branch of the dungeon, and saw 6 of its levels.

You collected 303 gold pieces.

Inventory:

Hand Weapons
 a - a +0 spear (weapon)
 s - a +0 trident
Missiles
 e - 2 boomerangs of dispersal (quivered)
 y - 2 boomerangs
Armour
 b - a +0 leather armour
 m - the +1 chain mail "Vikinn" (worn) {Harm rC+ Str-4}
   (You found it on level 6 of the Dungeon)

   It affects your strength (-4).
   It protects you from cold.
   It increases damage dealt and taken.
 n - a +0 pair of gloves (worn)
Wands
 u - a wand of paralysis (9)
Scrolls
 c - 2 scrolls of remove curse
 j - a scroll of immolation {unknown}
 p - a scroll of amnesia
 q - a scroll of enchant armour {unknown}
 r - a scroll of fear {unknown}
Potions
 i - 3 potions of flight
 k - a potion of lignification {unknown}
 l - a potion of mutation {unknown}
 t - a potion of curing {unknown}
 v - a potion of magic {unknown}
 w - 2 potions of stabbing
Comestibles
 f - 10 rations


   Skills:
 * Level 5.5 Fighting
 * Level 5.5 Polearms
 - Level 0.8 Throwing
 - Level 0.7 Armour
 - Level 1.5 Dodging
 - Level 2.0 Spellcasting
 - Level 3.0 Translocations


You had 8 spell levels left.
You knew the following spells:

 Your Spells              Type           Power        Failure   Level  Hunger
a - Blink                 Tloc           N/A          100%        2    ###....

Your spell library contained the following spells:

 Spells                   Type           Power        Failure   Level  Hunger
 Shroud of Golubria       Chrm/Tloc      #.....       100%        2    ###....
 Gell's Gravitas          Tloc           #.........   100%        3    ####...
 Lesser Beckoning         Tloc           #.........   100%        3    ####...
 Teleport Other           Tloc           #.......     100%        3    ####...
 Passage of Golubria      Tloc           N/A          100%        4    #####..


Dungeon Overview and Level Annotations

Branches:
Dungeon (6/15)
 Temple: D:4-7

Altars:
Ashenzari
Zin

Shops:
D:5 *

Annotations:
D:5 3 runed translucent doors, toph's ghost, novice GrFi


Innate Abilities, Weirdness & Mutations

You cannot wear boots.
Your serpentine skin is tough. (AC +2)
You have supernaturally acute eyesight. (SInv)
Armour fits poorly on your strangely shaped body.
Your system is resistant to poisons. (rPois)
You cover ground very slowly.
You have a slow metabolism.
You can spit poison.


Message History

It was a scroll of remove curse.
As you read the scroll labeled ARCHEG ACOB, it crumbles to dust.
You hear a loud clanging noise!
It was a scroll of noise.
A sky beast comes into view.
As you read the scroll labeled PETULE PIZEZEI, it crumbles to dust.
It is a scroll of amnesia.
Okay, then.
The phantom blinks!
The phantom blinks!
The phantom blinks!
You hit the sky beast but do no damage. You hit the sky beast but do no damage.
The sky beast hits you.
* * * LOW HITPOINT WARNING * * *
The sky beast shocks you.
* * * LOW HITPOINT WARNING * * *
You closely miss the sky beast. The sky beast hits you.
* * * LOW HITPOINT WARNING * * *
The sky beast shocks you.
You die...

#......#
#..(...#
#......#
#.....$#
#..[...#
#......#
#.(...Y#
#.....@#
########


You could see a sky beast.

Vanquished Creatures
  Menkaure (D:6)
  A bullfrog (D:6)
  A howler monkey (D:5)
  A crimson imp (D:5)
  An orc priest (D:4)
  An iguana (D:6)
  A hound skeleton (D:3)
  4 gnolls (D:5)
  7 adders
  A worm (D:3)
  4 dart slugs
  2 leopard geckos (D:3)
  10 orcs
  3 ball pythons
  6 giant cockroaches
  5 goblins
  3 hobgoblins
  4 jackals
  2 quokkas
  8 bats
  6 frilled lizards
  4 kobolds
  11 rats
87 creatures vanquished.

Notes
Turn   | Place    | Note
-------+----------+-------------------------------------------
     0 | D:1      | Martska the Naga Warper began the quest for the Orb.
     0 | D:1      | Reached XP level 1. HP: 19/19 MP: 3/3
   238 | D:1      | Reached XP level 2. HP: 23/27 MP: 5/5
   932 | D:2      | Reached XP level 3. HP: 31/33 MP: 6/6
  1721 | D:2      | Reached XP level 4. HP: 39/42 MP: 7/7
  3070 | D:3      | Reached XP level 5. HP: 39/50 MP: 8/8
  4112 | D:4      | Noticed a phantom
  4168 | D:4      | HP: 2/50 [phantom (8)]
  4171 | D:5      | Entered Level 5 of the Dungeon
  5155 | D:5      | Learned a level 2 spell: Blink
  5212 | D:5      | Found a shattered altar of Ashenzari.
  5213 | D:5      | Found a glowing silver altar of Zin.
  5406 | D:5      | Found a runed translucent gate.
  5409 | D:5      | Noticed toph's ghost (novice GrFi)
  5410 | D:5      | Found a runed translucent gate.
  5410 | D:5      | Found a runed translucent gate.
  5410 | D:5      | Noticed a hungry ghost
  5431 | D:5      | Reached XP level 6. HP: 46/58 MP: 9/9
  5948 | D:5      | Found Joxkiupt's Assorted Antiques.
  6703 | D:6      | Noticed Menkaure
  6714 | D:6      | Got a distressingly furry chain mail
  6728 | D:6      | Killed Menkaure
  6728 | D:6      | Reached skill level 5 in Fighting
  6728 | D:6      | Reached skill level 5 in Polearms
  6728 | D:6      | Reached XP level 7. HP: 22/67 MP: 10/10
  6971 | D:6      | HP: 2/67 [orc wizard/puff of flame (5)]
  6990 | D:6      | Identified the cursed +1 chain mail "Vikinn" {Harm rC+
                  | Str-4} (You found it on level 6 of the Dungeon)
  7001 | D:6      | Slain by a sky beast

Illustrated notes

Levels and vault maps discovered:
D:1:      saegor_arrival_simple_c, layout_rooms
D:2:      layout_basic, first_ration
D:3:      layout_loops_corners, portal_sewer_entry_c, corexii_hall_statues_x
D:4:      layout_rooms, minmay_temple_entry_wispy
D:5:      layout_gridville, minitemple, gammafunk_ghost_split,
          lightli_ossuary_entry_decrepit_ruins, serial_shops, nicolae_shop_stone
D:6:      layout_rooms, lemuel_round_altar, uniq_duvessa, uniq_maggie,
          uniq_menkaure

Skill      XL: |  1  2  3  4  5  6 |
---------------+-------------------+-----
Fighting       | 3 4 5 |  5.5
Polearms       | 3 4 5 |  5.5
Throwing       | |  0.8
Armour         | |  0.7
Dodging        | |  1.5
Spellcasting   | |  2.0
Translocations | |  3.0

Action                   |  1- 3 |  4- 6 |  7- 9 || total
-------------------------+-------+-------+-------++-------
Melee: Spear             |   112 |   411 |    15 ||   538
Throw: Boomerang         |       |     3 |       ||     3
 Abil: Spit Poison       |     2 |    26 |     1 ||    29
Evoke: Wand              |       |       |     3 ||     3
  Use: Scroll            |       |     8 |     5 ||    13
       Potion            |       |     2 |     1 ||     3
  Eat: Ration            |     1 |     2 |       ||     3
       Chunk             |       |     6 |       ||     6
Armor: Leather armour    |    30 |   101 |     3 ||   134
       Chain mail        |       |       |     1 ||     1
Dodge: Dodged            |    44 |   185 |     5 ||   234
